 Dungeon Crawl Stone Soup version 0.31-a0-188-g5e087ee2ca (webtiles) character file.

Game seed: 12366135781033725933

190 qw the Skirmisher (level 5, 0/29 HPs)
             Began as a Deep Elf Hunter on June 23, 2023.
             Killed from afar by a steam dragon (26 damage)
             ... with a ball of steam
             ... on level 4 of the Dungeon.
             The game lasted 00:01:02 (2619 turns).

qw the Skirmisher (Deep Elf Hunter)                 Turns: 2619, Time: 00:01:03

Health: 0/29       AC:  5    Str: 10    XL:     5   Next: 41%
Magic:  7/7        EV: 11    Int: 14    God:
Gold:   169        SH:  0    Dex: 18    Spells: 4/4 levels left

rFire   . . .        Y - +0 shortbow
rCold   . . .        (shield currently unavailable)
rNeg    . . .        b - +0 ring mail
rPois   .            (no helmet)
rElec   .            (no cloak)
rCorr   .            (no gloves)
SInv    .            (no boots)
Will    .....        (no amulet)
Stlth   +            (no ring)
HPRegen 0.24/turn    (no ring)
MPRegen 0.10/turn

%: no passive effects
@: no status effects
A: no striking features
a: no special abilities


You were on level 4 of the Dungeon.
You visited 1 branch of the dungeon, and saw 4 of its levels.

You collected 169 gold pieces.


   Skills:
 - Level 1.5 Fighting
 + Level 8.9 Ranged Weapons
 - Level 2.4 Dodging
 - Level 1.2 Stealth


You had 4 spell levels left.
You didn't know any spells.
Your spell library was empty.

Inventory:

Hand Weapons
 Y - a +0 shortbow (weapon)
Armour
 b - a +0 ring mail (worn)
Jewellery
 a - a ring of magical power
Scrolls
 c - a scroll of acquirement {unknown}
 e - a scroll of identify
Potions
 f - 2 potions of haste
 h - 2 potions of heal wounds
 i - a potion of brilliance {unknown}
 l - 2 potions of curing
 n - a potion of might {unknown}

Dungeon Overview and Level Annotations

Branches:
Dungeon (4/15)
 Temple: D:4-7

Altars:
Qazlal
Ru


Message History

You see here a dart slug corpse.
An iguana comes into view.
The iguana hisses angrily.
Enter note: You shoot an arrow.
The arrow hits the iguana!
The iguana is heavily wounded.
You shoot an arrow. The arrow hits the iguana.
The iguana is heavily wounded.
The iguana bites you! The iguana closely misses you.
You shoot an arrow.
The arrow hits the iguana but does no damage.
The iguana is heavily wounded.
The iguana bites you!
You shoot an arrow. The arrow hits the iguana!
The iguana is almost dead.
The iguana bites you.
You shoot an arrow. The arrow hits the iguana!
You kill the iguana!
You start resting.
HP restored.
A steam dragon comes into view.
Enter note: You shoot an arrow.
The arrow hits the steam dragon!
The steam dragon hisses angrily.
The steam dragon is moderately wounded.
You shoot an arrow. The arrow hits the steam dragon.
The steam dragon is heavily wounded.
You shoot an arrow. The arrow hits the steam dragon.
The steam dragon is severely wounded.
The steam dragon barely misses you. x2
You shoot an arrow.
The arrow completely misses the steam dragon.
The steam dragon bites you. The steam dragon barely misses you.
You shoot an arrow.
The arrow hits the steam dragon but does no damage.
The steam dragon is severely wounded.
The steam dragon breathes steam at you. The ball of steam hits you!!
Ouch! That really hurt!
You die... 777777

7..D.77
7@.7777777
7.........
77...77777
7777...7
77.....77
77.7777....7
7.77 777...7
7.77 ...
7..77 7.


You could see a steam dragon (catching breath).

Vanquished Creatures
  An iguana (D:4)
  7 adders
  A worm (D:3)
  4 dart slugs
  11 orcs
  4 ball pythons
  2 bats (D:1)
  8 endoplasms
  2 giant cockroaches
  4 goblins
  8 hobgoblins
  6 jackals
  3 quokkas
  6 kobolds
  4 rats
71 creatures vanquished.

Notes
Turn   | Place    | Note
-------+----------+-------------------------------------------
     0 | D:1      | qw the Deep Elf Hunter began the quest for the Orb.
     0 | D:1      | Reached XP level 1. HP: 12/12 MP: 3/3
     0 | D:1      | 0 ||| qw: Version: 0.3-a-9-g12657ce
     0 | D:1      | 0 ||| qw: Game counter: 3607
     0 | D:1      | 0 ||| qw: Always use a shield: true
     0 | D:1      | 0 ||| qw: God list: Okawaru
     0 | D:1      | 0 ||| qw: Allow faded altars: false
     0 | D:1      | 0 ||| qw: Do Orc after D:15 true
     0 | D:1      | 0 ||| qw: Do second Lair branch before Depths: true
     0 | D:1      | 0 ||| qw: Lair rune preference: random
     0 | D:1      | 0 ||| qw: Plans: Normal
     0 | D:1      | 0 ||| PLANNING D:1-11
    91 | D:1      | 91 ||| FLEEEEING.
    92 | D:1      | 92 ||| FLEEEEING.
   164 | D:1      | Reached skill level 6 in Ranged Weapons
   164 | D:1      | Reached XP level 2. HP: 16/16 MP: 4/4
   618 | D:1      | 618 ||| READING scroll labelled MESMATSIXAUDD.
   619 | D:1      | 619 ||| READING 2 scrolls labelled EPPEUPP ZUM CEZA.
   620 | D:1      | 620 ||| READING scroll labelled FODITIKHADO.
   621 | D:1      | 621 ||| DRINKING 2 grey potions.
   622 | D:1      | 622 ||| DRINKING 2 white potions.
   623 | D:1      | 623 ||| DROPPING scroll of butterflies.
   624 | D:1      | 624 ||| DROPPING potion of degeneration.
   710 | D:2      | Reached XP level 3. HP: 20/20 MP: 5/5
   727 | D:2      | Reached skill level 7 in Ranged Weapons
   775 | D:2      | 775 ||| FLEEEEING.
   776 | D:2      | 776 ||| FLEEEEING.
   777 | D:2      | 777 ||| FLEEEEING.
   778 | D:2      | 778 ||| FLEEEEING.
   779 | D:2      | 779 ||| FLEEEEING.
   780 | D:2      | 780 ||| FLEEEEING.
   781 | D:2      | 781 ||| FLEEEEING.
   782 | D:2      | 782 ||| FLEEEEING.
   783 | D:2      | 783 ||| FLEEEEING.
   784 | D:2      | 784 ||| FLEEEEING.
  1002 | D:2      | Reached XP level 4. HP: 25/25 MP: 6/6
  1450 | D:2      | 1450 ||| UPGRADING to +0 scale mail.
  1460 | D:2      | 1460 ||| UPGRADING to +0 ring mail.
  1470 | D:2      | 1470 ||| DROPPING +0 scale mail.
  1471 | D:2      | 1471 ||| DROPPING +0 leather armour.
  1472 | D:2      | 1472 ||| READING scroll labelled TOUH VOTOTOPSI.
  1473 | D:2      | 1473 ||| READING scroll labelled CIOSULL OSOIR.
  1474 | D:2      | 1474 ||| READING scroll labelled XEMUXE JATUCHEOWN.
  1475 | D:2      | 1475 ||| READING scroll labelled UXTASALEMU.
  1480 | D:2      | 1480 ||| DRINKING 2 metallic golden potions.
  1526 | D:2      | 1526 ||| READING 2 scrolls of identify.
  1526 | D:2      | 1526 ||| IDENTIFYING murky green potion
  1527 | D:2      | 1527 ||| DROPPING potion of magic.
  1528 | D:2      | 1528 ||| DROPPING potion of lignification.
  1792 | D:3      | Reached skill level 8 in Ranged Weapons
  1964 | D:3      | Found a sacrificial altar of Ru.
  1964 | D:3      | Found a stormy altar of Qazlal.
  2137 | D:3      | 2137 ||| DRINKING 3 clear potions.
  2138 | D:3      | 2138 ||| DRINKING 3 fizzy blue potions.
  2288 | D:4      | Reached XP level 5. HP: 29/29 MP: 7/7
  2373 | D:4      | HP: 7/29 [poisoned by an adder]
  2614 | D:4      | Noticed a steam dragon
  2619 | D:4      | Killed from afar by a steam dragon

Levels and vault maps discovered:
D:1:      beargit_arrival_greenhouse, layout_loops_ring,
          grunt_decor_mini_mirrors
D:2:      layout_basic, minmay_pentomino_q2
D:3:      layout_rooms, gammafunk_temple_overflow_pools, grunt_ministairs_14,
          st_stairs_1, amcnicky_mini_pool_small
D:4:      kb_forest_paths, layout_cave_pods

Skill      XL: |  1  2  3  4 |
---------------+-------------+-----
Ranged Weapons | 6 7 8 |  8.9
Fighting       | |  1.5
Dodging        | |  2.4
Stealth        | |  1.2

Action                     |  1- 3 |  4- 6 || total
---------------------------+-------+-------++-------
   Fire: Shortbow          |   105 |   122 ||   227
    Use: Scroll            |     3 |     5 ||     8
         Potion            |     2 |     3 ||     5
 Armour: Leather armour    |    13 |       ||    13
         Ring mail         |       |    18 ||    18
  Dodge: Dodged            |    29 |    41 ||    70

Table legend:
 A = Non-vault XP
 B = Vault XP
 C = Vault XP percentage of total XP
 D = Non-vault monster count
 E = Vault monster count
 F = Vault count percentage of total count
                 A         B        C        D         E       F
            +---------+---------+-------+---------+---------+-------
      Total |     210 |      62 |  22.8 |      62 |       9 |  12.7
            +---------+---------+-------+---------+---------+-------
        D:1 |      40 |       0 |   0.0 |      21 |       0 |   0.0
        D:2 |      59 |       6 |   9.2 |      14 |       2 |  12.5
        D:3 |      81 |       9 |  10.0 |      20 |       4 |  16.7
        D:4 |      30 |      47 |  61.0 |       7 |       3 |  30.0
            +---------+---------+-------+---------+---------+-------
